 Dungeon Crawl Stone Soup version 0.25-a0-200-g5ba9614 (webtiles) character file.

Game seed: 16813008760303966663, levelgen mode: deterministic

10549 HungryMoth the Martial Artist (level 11, -2/95 HPs)
             Began as a Yellow Draconian Transmuter on Dec 2, 2019.
             Was a Believer of Wu Jian.
             Slain by a yak (12 damage)
             ... on level 10 of the Dungeon.
             The game lasted 00:40:50 (10487 turns).

HungryMoth the Martial Artist (DrTm)               Turns: 10487, Time: 00:40:51

Health: -2/95      AC:  8    Str: 16    XL:     11   Next: 37%
Magic:  14/17      EV: 17    Int: 14    God:    Wu Jian [**....]
Gold:   332        SH:  0    Dex: 14    Spells: 7/18 levels left

rFire    . . .     SeeInvis .     - Unarmed
rCold    . . .     Gourm    .   (shield currently unavailable)
rNeg     . . .     Faith    .   (armour unavailable)
rPois    .         Spirit   .   i - +1 hat
rElec    .         Reflect  .   (no cloak)
rCorr    +         Harm     .   (gloves currently unavailable)
MR       .....                  (no boots)
Stlth    +.........             q - amulet of regeneration
HPRegen  0.65/turn              x - +3 ring of strength
MPRegen  0.15/turn              M - ring of wizardry

@: blade hands
A: spit acid, unfitting armour, cold-blooded, acid resistance, AC +7
a: Breathe Acid, End Transformation, Wall Jump, Renounce Religion


You were on level 10 of the Dungeon.
You worshipped Wu Jian.
Wu Jian was pleased with you.
You were very hungry.
You had blades for hands.
You visited 2 branches of the dungeon, and saw 12 of its levels.

You collected 602 gold pieces.
You spent 270 gold pieces at shops.

Inventory:

Missiles
 C - 260 arrows
Armour
 i - a +1 hat (worn)
 o - a +0 pair of gloves (melded)
 J - the +2 hat "Zihu" {rF+++ rC+ rCorr Str-4}
   (You bought it in a shop on level 6 of the Dungeon)

   It affects your strength (-4).
   It renders you almost immune to fire.
   It protects you from cold.
   It provides partial protection from all sources of acid and corrosion.
Jewellery
 q - an amulet of regeneration (around neck)
 x - a +3 ring of strength (left scythe-like blade)
 F - an uncursed ring of see invisible
 M - a ring of wizardry (right scythe-like blade)
 Q - an uncursed ring of resist corrosion
 X - an uncursed amulet of magic regeneration
Wands
 t - a wand of polymorph (2)
 y - a wand of digging (13)
 L - a wand of paralysis (7)
 O - a wand of clouds (2)
Scrolls
 n - 4 scrolls of remove curse
 w - 4 scrolls of fog
 A - 6 scrolls of magic mapping
 B - 8 scrolls of teleportation
 V - a scroll of silence
 W - a scroll of enchant armour {unknown}
Potions
 e - 4 potions of flight
 p - a potion of haste
 s - 5 potions of curing
 u - 2 potions of heal wounds
 v - 2 potions of agility
 E - a potion of might
 H - 3 potions of lignification
 I - 2 potions of ambrosia
 R - 2 potions of invisibility
 T - 2 potions of mutation
 Y - a potion of berserk rage
Comestibles
 c - 17 rations
 Z - 19 chunks of flesh


   Skills:
 + Level 8.3 Fighting
 + Level 7.6 Dodging
 * Level 10.3 Unarmed Combat
 - Level 4.0 Spellcasting
 - Level 10.0 Transmutations


You had 7 spell levels left.
You knew the following spells:

 Your Spells              Type           Power        Failure   Level  Hunger
a - Beastly Appendage     Tmut           ####..       4%          1    None
b - Sticks to Snakes      Tmut           ####....     4%          2    ##.....
c - Spider Form           Tmut/Pois      ###.......   17%         3    ###....
d - Blade Hands           Tmut           ####......   19%         5    ######.

Your spell library contained the following spells:

 Spells                   Type           Power        Failure   Level  Hunger
 Passwall                 Tmut/Erth      ###.....     12%         2    ##.....
 Animate Skeleton         Necr           N/A          30%         1    None
 Flame Tongue             Conj/Fire      #....        30%         1    None
 Magic Dart               Conj           #...         30%         1    None
 Pain                     Necr           #...         30%         1    None
 Sandblast                Erth           #.....       30%         1    None
 Ice Form                 Ice/Tmut       ###.....     34%         4    ####...
 Petrify                  Tmut/Erth      ###.....     34%         4    ####...
 Searing Ray              Conj           #.....       38%         2    ##.....
 Throw Flame              Conj/Fire      #.....       38%         2    ##.....
 Conjure Flame            Conj/Fire      #.......     54%         3    ###....
 Dazzling Spray           Conj/Hex       #.....       54%         3    ###....
 Inner Flame              Hex/Fire       #.......     54%         3    ###....
 Regeneration             Chrm/Necr      #.........   54%         3    ###....
 Stone Arrow              Conj/Erth      #.....       54%         3    ###....
 Vampiric Draining        Necr           #.........   54%         3    ###....
 Animate Dead             Necr           N/A          85%         4    ####...
 Force Lance              Conj/Tloc      #.......     85%         4    ####...
 Fulminant Prism          Conj/Hex       #.........   85%         4    ####...
 Iskenderun's Mystic Bla  Conj           #.......     85%         4    ####...
 Sticky Flame             Conj/Fire      #.......     85%         4    ####...
 Fireball                 Conj/Fire      #.........   98%         5    ######.
 Lee's Rapid Deconstruct  Erth           #.........   98%         5    ######.


Dungeon Overview and Level Annotations

Branches:
Dungeon (11/15)            Temple (1/1) D:7            Lair (0/6) D:11
    Orc (0/2) D:9

Altars:
Ashenzari
Cheibriados
Dithmenos
Elyvilon
Fedhas
Gozag
Hepliaklqana
Kikubaaqudgha
Makhleb
Nemelex Xobeh
Okawaru
Qazlal
Ru
Sif Muna
Trog
Uskayaw
Vehumet
Wu Jian
Xom
Yredelemnul
Zin
The Shining One

Shops:
D:6 ([*   D:9 ?

Annotations:
D:3 3 runed translucent doors, TheNord's ghost, amateur MfSk
D:6 2 runed translucent doors, minmay's ghost, novice OpFi
D:9 exclusions: obsidian statue and orange crystal statue


Innate Abilities, Weirdness & Mutations

You can spit globs of acid.
Your golden yellow scales are hard. (AC +7)
You cannot fit into any form of body armour.
You are cold-blooded and may be slowed by cold attacks.
You are resistant to acid. (rCorr)


Message History

The yak completely misses you.
You have no room to wall jump there; the yak is in the way.
You put your feet on the rock wall.
Move against it again to jump.
You repeatedly attack the yak from above.
You slice the yak!!
You tail-slap the yak, but do no damage.
You slash the yak.
The yak is severely wounded.
You barely miss the yak.
The yak is severely wounded.
You slash the yak!
You tail-slap the yak, but do no damage.
The yak is almost dead.
The yak gores you but does no damage. x2; The death yak gores you!!
* * * LOW HITPOINT WARNING * * *
The yak snorts and paws the ground.
The yak gores you!
* * * LOW HITPOINT WARNING * * *
The yak barely misses you. The yak gores you!
You die...

...........#..##......##.........
.(.(.......#.###......'..######..
.()).........# #......#### ###
...........### #####'##
(########### ###.# ...#####
##...# ##.....# #..###
######'##### ####○#####
...........###>Y@°....######
...........'.#°YYY....'....######
...........#.#........####.......
...........#.#°.......# ########
...........#.'........#
...........###........#
...........# #........#
...........# #........#
############ #.....[..#


You could see a death yak and 3 yaks.

Vanquished Creatures
  2 two-headed ogres
  A death yak (D:10)
  An ugly thing (D:11)
  A guardian serpent (D:11)
  Joseph (D:8)
  Grinder (D:4)
  2 hippogriffs
  A meliai zombie (D:11)
  A spriggan (D:8)
  Sigmund (D:2)
  A wyvern (D:10)
  7 yaks
  A hungry ghost (D:7)
  A water moccasin (D:7)
  5 sky beasts
  2 ice beasts
  3 orc warriors
  A necrophage (D:5)
  An ogre (D:5)
  3 phantoms
  15 centaurs
  3 big kobolds
  Blork the orc (D:6)
  4 bullfrogs
  A gnoll sergeant (D:6)
  A scorpion (D:9)
  3 killer bees
  2 howler monkeys
  5 crimson imps
  A quasit (D:10)
  5 orc priests
  5 hounds
  4 jellies
  5 centaur skeletons
  An iguana (D:5)
  9 orc wizards
  Ijyb (D:3)
  7 worker ants
  2 hound skeletons
  Robin (D:2)
  20 adders
  4 gnolls (D:6)
  A howler monkey skeleton (D:4)
  2 shadow imps
  2 oozes
  An adder skeleton (D:9)
  A worm (D:4)
  A dart slug (D:2)
  7 leopard geckos
  31 orcs
  5 bats
  6 giant cockroaches
  20 goblins
  11 hobgoblins
  25 jackals
  20 kobolds
  2 quokkas
  A ball python (D:8)
  6 frilled lizards
  A jackal skeleton (D:5)
  A quokka skeleton (D:4)
  7 rats
288 creatures vanquished.

Vanquished Creatures (collateral kills)
  An orc (D:7)
  2 goblins (D:2)
  A rat (D:2)
4 creatures vanquished.

Vanquished Creatures (others)
  A quokka skeleton (D:5)
1 creature vanquished.

Grand Total: 293 creatures vanquished

Notes
Turn   | Place    | Note
-------+----------+-------------------------------------------
     0 | D:1      | HungryMoth the Draconian Transmuter began the quest for the
                  | Orb.
     0 | D:1      | Reached XP level 1. HP: 16/16 MP: 3/3
   296 | D:1      | Reached XP level 2. HP: 21/23 MP: 5/5
   673 | D:1      | Learned a level 2 spell: Sticks to Snakes
   892 | D:2      | Reached XP level 3. HP: 28/28 MP: 6/6
   900 | D:2      | Found a shattered altar of Ashenzari.
   931 | D:2      | Noticed Robin
   944 | D:2      | Killed Robin
  1213 | D:2      | Noticed Sigmund
  1231 | D:2      | Killed Sigmund
  1231 | D:2      | Reached XP level 4. HP: 4/35 MP: 3/9
  1231 | D:2      | Reached XP level 5. HP: 5/40 MP: 3/10
  1236 | D:2      | Learned a level 3 spell: Spider Form
  1242 | D:2      | Learned a level 5 spell: Blade Hands
  1668 | D:2      | Found a blossoming altar of Fedhas.
  2204 | D:2      | Found a faded altar of an unknown god.
  2237 | D:3      | Noticed a phantom
  2618 | D:2      | Killed a phantom
  2618 | D:2      | Reached skill level 5 in Transmutations
  2618 | D:2      | Reached XP level 6. HP: 35/47 MP: 10/12
  2742 | D:3      | Found a sparkling altar of Nemelex Xobeh.
  2845 | D:3      | Found a runed translucent gate.
  2845 | D:3      | Found a runed translucent gate.
  2845 | D:3      | Found a runed translucent gate.
  2845 | D:3      | Noticed TheNord's ghost (amateur MfSk)
  3100 | D:3      | Noticed Ijyb
  3116 | D:3      | Killed Ijyb
  3251 | D:3      | You fall into a shaft and drop 2 floors!
  3251 | D:5      | Entered Level 5 of the Dungeon
  3295 | D:5      | Noticed a sky beast
  3345 | D:5      | Killed a sky beast
  3373 | D:5      | Your scales start taking on a golden yellow colour.
  3373 | D:5      | Reached XP level 7. HP: 27/52 MP: 11/13
  3373 | D:5      | Gained mutation: You are resistant to acid. (rCorr) [Yellow
                  | Draconian growth]
  3786 | D:3      | Found a bloodstained altar of Trog.
  3788 | D:3      | Found a stormy altar of Qazlal.
  4230 | D:4      | Noticed Grinder
  4250 | D:4      | Paralysed by Grinder for 7 turns
  4275 | D:4      | Killed Grinder
  4275 | D:4      | Reached XP level 8. HP: 11/58 MP: 8/14
  4947 | D:5      | Found a white marble altar of Elyvilon.
  5501 | D:6      | Noticed minmay's ghost (novice OpFi)
  5502 | D:6      | Found a large runed translucent door.
  5502 | D:6      | Found a large runed translucent door.
  5567 | D:6      | Reached skill level 10 in Transmutations
  5958 | D:6      | Reached XP level 9. HP: 44/68 MP: 9/15
  6101 | D:6      | Found Xaxiups's Antique Armour Shop.
  6104 | D:6      | Noticed Blork the orc
  6110 | D:6      | Killed Blork the orc
  6260 | D:6      | Found Agarr's Assorted Antiques.
  6334 | D:6      | Found Noas's Antique Weapon Shoppe.
  6943 | D:6      | Bought a scorched hat for 225 gold pieces
  6953 | D:6      | Identified the +2 hat "Zihu" {rF+++ rC+ rCorr Str-4} (You
                  | bought it in a shop on level 6 of the Dungeon)
  7054 | D:7      | Reached skill level 5 in Fighting
  7391 | D:7      | Reached skill level 5 in Dodging
  7400 | D:7      | Reached skill level 5 in Unarmed Combat
  7632 | D:7      | Found a staircase to the Ecumenical Temple.
  7640 | Temple   | Entered the Ecumenical Temple
  7910 | D:8      | Noticed Joseph
  7930 | D:8      | Killed Joseph
  8131 | D:8      | Reached XP level 10. HP: 83/83 MP: 16/16
  8391 | D:8      | Found a burning altar of Makhleb.
  8402 | D:8      | Found an ornate altar of the Wu Jian Council.
  8413 | D:8      | Became a worshipper of the Wu Jian Council
  8603 | D:9      | Found a staircase to the Orcish Mines.
  8701 | D:9      | Noticed an orange crystal statue
  8725 | D:9      | Noticed an obsidian statue
  8826 | D:9      | Found Wunnympu's Magic Scroll Boutique.
  8829 | D:9      | Bought a scroll of magic mapping for 45 gold pieces
  9363 | D:10     | Entered Level 10 of the Dungeon
  9494 | D:10     | Reached * piety under Wu Jian
  9544 | D:10     | Noticed a two-headed ogre
  9552 | D:10     | Killed a two-headed ogre
 10023 | D:11     | Noticed a two-headed ogre
 10031 | D:11     | Killed a two-headed ogre
 10045 | D:11     | Noticed a cyan ugly thing
 10126 | D:11     | Killed a cyan ugly thing
 10126 | D:11     | Reached XP level 11. HP: 49/92 MP: 11/17
 10324 | D:11     | Reached ** piety under Wu Jian
 10327 | D:11     | Reached skill level 10 in Unarmed Combat
 10445 | D:11     | Found a staircase to the Lair.
 10445 | D:11     | Noticed a death yak
 10451 | D:11     | Noticed a death yak
 10451 | D:11     | Noticed a death yak
 10468 | D:10     | Killed a death yak
 10487 | D:10     | Slain by a yak

Levels and vault maps discovered:
D:1:      wander_arrival_abandoned_jail, layout_basic, serial_park_tiny_2,
          minivault_14
D:2:      layout_basic, fedhas_altar_1, chequers_ecumenical_altar_grove,
          first_ration, nicolae_ashenzari_panopticon, uniq_sigmund, uniq_robin
D:3:      kennysheep_goblin_castle, layout_rooms, lemuel_doored_altar,
          nemelex_xobeh_ov_fountains_minmay, gammafunk_ghost_necromancy,
          columned_hall_lemuel, grunt_qazlal_sundering
D:4:      layout_loops_ring, fountainhead, grunt_ministairs_14, uniq_grinder
D:5:      layout_rooms, elyvilon_altar_4
D:6:      layout_layer_cave, serial_shops, shop_statue, nicolae_shop_crystal,
          shop_fountains, ebering_ghost_disaster_area, uniq_blork_the_orc
D:7:      layout_loops_ring, minmay_temple_entry_tees
D:8:      layout_basic, lemuel_crystal_altar, old_standard_altar, the_bakery,
          minmay_holes, uniq_joseph
D:9:      minmay_separated_statues, layout_stronghold, orc_0_dummy,
          serial_shops, kennysheep_mini
D:10:     layout_roguey
D:11:     layout_cave_pools, dpeg_lair_monsters, serial_shops, shop,
          dk_noncrumbling_3, nrook_guardian_serpent_double
Temple:   compressed_dpeg_circular_temple

Skill      XL: |  1  2  3  4  5  6  7  8  9 10 11 |
---------------+----------------------------------+-----
Transmutations | 4 5 6 9 10 | 10.0
Spellcasting   | 3 4 |  4.0
Dodging        | 3 5 7 |  7.6
Fighting       | 3 5 7 8 |  8.3
Unarmed Combat | 6 9 10 | 10.3

Action                   |  1- 3 |  4- 6 |  7- 9 | 10-12 || total
-------------------------+-------+-------+-------+-------++-------
Melee: Unarmed           |    25 |    10 |   112 |   239 ||   386
       Tailslap          |    14 |    24 |    79 |    28 ||   145
       Dagger            |    84 |   196 |   400 |       ||   680
       Headbutt          |       |    11 |     4 |       ||    15
       Kick              |       |     2 |    49 |       ||    51
       Punch             |       |     1 |     7 |    12 ||    20
 Cast: Sticks to Snakes  |     4 |     8 |     2 |     1 ||    15
       Beastly Appendage |     1 |    11 |    17 |     2 ||    31
       Blade Hands       |       |       |    12 |    15 ||    27
Invok: Whirlwind         |       |       |       |    35 ||    35
       Lunge             |       |       |       |    23 ||    23
       Wall Jump         |       |       |       |     3 ||     3
 Abil: Breathe Acid      |       |       |     1 |       ||     1
       Wall Jump         |       |       |       |     1 ||     1
  Use: Potion            |       |     5 |     4 |       ||     9
       Scroll            |       |       |     4 |    12 ||    16
 Stab: Sleeping          |     1 |       |       |       ||     1
       Distracted        |       |       |     1 |       ||     1
  Eat: Chunk             |     1 |     8 |    21 |    12 ||    42
Armor: Skin              |    34 |    75 |   187 |    61 ||   357
Dodge: Dodged            |    65 |   164 |   408 |   159 ||   796

Table legend:
 A = Non-vault XP
 B = Vault XP
 C = Vault XP percentage of total XP
 D = Non-vault monster count
 E = Vault monster count
 F = Vault count percentage of total count
                 A         B        C        D         E       F
            +---------+---------+-------+---------+---------+-------
      Total |   12004 |    3067 |  20.4 |     254 |      38 |  13.0
            +---------+---------+-------+---------+---------+-------
        D:1 |      37 |       0 |   0.0 |      23 |       0 |   0.0
        D:2 |     197 |     208 |  51.4 |      28 |      14 |  33.3
        D:3 |     116 |      85 |  42.3 |      14 |      15 |  51.7
        D:4 |     492 |     279 |  36.2 |      34 |       2 |   5.6
        D:5 |     832 |       0 |   0.0 |      19 |       0 |   0.0
        D:6 |    1112 |      96 |   7.9 |      33 |       1 |   2.9
        D:7 |    1143 |       0 |   0.0 |      27 |       0 |   0.0
        D:8 |     978 |     667 |  40.5 |      11 |       2 |  15.4
        D:9 |     513 |       0 |   0.0 |      15 |       0 |   0.0
       D:10 |    2295 |    1248 |  35.2 |      25 |       3 |  10.7
       D:11 |    4289 |     484 |  10.1 |      25 |       1 |   3.8
            +---------+---------+-------+---------+---------+-------
